[Event "January 9 Late 2024"]
[Site "https://www.chess.com"]
[Date "2024.01.09"]
[Round "11"]
[White "Kornyukov, Alexey"]
[Black "Hambleton, Aman"]
[Result "0-1"]
[Board "85"]
[TimeControl "180+1"]
[WhiteFideId "4150457"]
[BlackFideId "2606577"]
[WhiteElo "2304"]
[BlackElo "2679"]
[WhiteTeam "RUS"]
[BlackTeam "CAN"]
[WhiteClock "0:00:00"]
[BlackClock "0:00:02"]

1. d4 e5 2. dxe5 Nc6 3. Nf3 Qe7 4. Bf4 Qb4+ 5. Bd2 Qxb2 6. Nc3 Bb4 7. Rb1 Qxc3 8. Bxc3 Bxc3+ 9. Nd2 Nxe5 10. Rb3 Ba5 11. e3 Nf6 12. Rb5 Nc6 13. Bd3 O-O 14. O-O a6 15. Rb3 d5 16. c4 d4 17. c5 dxe3 18. fxe3 Bxd2 19. Qxd2 Nd7 20. Qc2 g6 21. Bc4 Nde5 22. Bd5 Rd8 23. e4 Nd4 24. Qb2 Ndc6 25. h3 Re8 26. a4 Rb8 27. Rg3 Be6 28. Rb3 Bc8 29. Qa1 Re7 30. Rb2 Ra8 31. Rbf2 Be6 32. Qb2 Rb8 33. Qc3 Rbe8 34. Qb2 Bc8 35. Rf6 Nd8 36. Qf2 c6 37. Bb3 Be6 38. Bxe6 Nxe6 39. Qg3 Nxc5 40. h4 Nxe4 41. Qf4 Nxf6 42. Qxf6 h5 43. Rd1 Ng4 44. Qd6 Re1+ 0-1

[Event "January 9 Late 2024"]
[Site "https://www.chess.com"]
[Date "2024.01.09"]
[Round "11"]
[White "Krzywda, Andrzej"]
[Black "Kraiouchkine, Nikita"]
[Result "0-1"]
[Board "86"]
[TimeControl "180+1"]
[WhiteFideId "1114565"]
[BlackFideId "2607140"]
[WhiteElo "2419"]
[BlackElo "2606"]
[WhiteTeam "POL"]
[BlackTeam "CAN"]
[WhiteClock "0:00:08"]
[BlackClock "0:00:07"]

1. e4 e5 2. Nf3 Nc6 3. Bb5 f5 4. d3 fxe4 5. dxe4 Nf6 6. O-O Bc5 7. Bc4 Qe7 8. a4 d6 9. Nc3 Be6 10. Bxe6 Qxe6 11. Nd5 O-O-O 12. c3 Nxe4 13. b4 Bxf2+ 14. Rxf2 Nxf2 15. Kxf2 e4 16. Ng5 Qf5+ 17. Kg1 h6 18. b5 hxg5 19. bxc6 Qe5 20. cxb7+ Kxb7 21. Rb1+ Kc8 22. Qg4+ Rd7 23. Ne3 Qxh2+ 24. Kf2 Rf8+ 25. Ke2 Qf4 26. Bd2 Qxg4+ 27. Nxg4 Rdf7 28. Be3 c6 29. c4 Rb7 30. Rxb7 Kxb7 31. Bd4 Rf5 32. Bxg7 Ra5 33. Bf8 d5 34. cxd5 cxd5 35. Be7 Rxa4 36. Ne5 Ra2+ 37. Kf1 a5 38. Bxg5 a4 39. Bf6 a3 40. g4 Ra1+ 41. Ke2 a2 42. Nd7 Rg1 43. Ke3 a1=Q 44. Bxa1 Rxa1 45. g5 Rg1 46. Kf4 Kc6 47. Ne5+ Kd6 48. Ng4 Ke6 49. g6 Rg2 50. Kg5 Ke7 51. Kf5 Kf8 52. Nf6 e3 53. Nxd5 e2 54. Nf4 Rf2 55. g7+ Kg8 56. Kg4 Rxf4+ 57. Kxf4 e1=Q 58. Kg5 Kxg7 59. Kh5 Qe5+ 60. Kh4 Kf6 61. Kg4 Qe4+ 62. Kh5 Kf5 63. Kh6 Qe7 64. Kh5 Qg5# 0-1

[Event "January 9 Late 2024"]
[Site "https://www.chess.com"]
[Date "2024.01.09"]
[Round "11"]
[White "Meduri, Aakaash"]
[Black "Ibadov, Dashgyn"]
[Result "0-1"]
[Board "87"]
[TimeControl "180+1"]
[WhiteFideId "2032252"]
[BlackFideId "24107514"]
[WhiteElo "2409"]
[BlackElo "2606"]
[WhiteTeam "USA"]
[BlackTeam "FID"]
[WhiteClock "0:00:12"]
[BlackClock "0:00:12"]

1. b4 e5 2. Bb2 Bxb4 3. Bxe5 Nf6 4. Nf3 O-O 5. c4 d5 6. Qb3 Nc6 7. e3 Nxe5 8. Qxb4 Nxf3+ 9. gxf3 d4 10. Rg1 Bf5 11. Na3 Re8 12. O-O-O a5 13. Qb5 Qd6 14. Nc2 Bxc2 15. Kxc2 Ra6 16. Rg5 Rb6 17. Qxa5 Ra6 18. Qc5 Rxa2+ 19. Kd3 Qa6 20. Qxd4 h6 21. Rb5 c6 22. Rb6 Qa5 23. Ke2 c5 24. Qd6 Qa4 25. Rxb7 Qxc4+ 26. Ke1 Qc2 27. Rb8 Rxb8 28. Qxb8+ Kh7 29. Qd6 Ra3 30. h4 Rb3 31. Qe5 c4 32. Qd4 h5 33. Qxc4 Qb2 34. Bd3+ g6 35. Be2 Kg7 36. Qf4 Rb4 37. Qg5 Rb6 38. Qg3 Qb4 39. f4 Rd6 40. Qg2 Qc5 41. Bf3 Qc2 42. f5 Qxf5 43. Be2 Ne4 44. f3 Nf6 45. e4 Qe5 46. Qf2 Qf4 47. d4 Nd7 48. e5 Rb6 49. Rd3 Rb2 50. Rd1 Nb6 51. e6 fxe6 52. Qg2 Nd5 53. Qg5 Qh2 54. Rd2 Qh1+ 55. Kf2 Qh2+ 56. Qg2 Qxh4+ 57. Qg3 Qxg3+ 58. Kxg3 Rxd2 59. Bf1 Rxd4 60. Bg2 Rf4 61. Bf1 h4+ 62. Kf2 Kf6 63. Ke2 g5 64. Bh3 e5 65. Kf2 Ne7 66. Ke2 Ng6 67. Bg2 Ne7 68. Bh1 Nf5 69. Kf2 Nd4 70. Bg2 Nxf3 71. Bxf3 e4 72. Kg1 Rxf3 73. Kg2 Kf5 74. Kh2 Kf4 75. Kg2 e3 76. Kh2 e2 77. Kg2 e1=Q 78. Kh2 Qe2+ 79. Kg1 Rf1# 0-1

[Event "January 9 Late 2024"]
[Site "https://www.chess.com"]
[Date "2024.01.09"]
[Round "11"]
[White "Marchesich, Giovanni"]
[Black "Estrada Nieto, Julian"]
[Result "0-1"]
[Board "88"]
[TimeControl "180+1"]
[WhiteFideId "2824790"]
[BlackFideId "5101018"]
[WhiteElo "2408"]
[BlackElo "2575"]
[WhiteTeam "ITA"]
[BlackTeam "ESP"]
[WhiteClock "0:01:01"]
[BlackClock "0:01:10"]

1. d4 d5 2. Nc3 Nf6 3. Bf4 c6 4. e3 Bf5 5. Bd3 Bxd3 6. Qxd3 Nbd7 7. Nf3 e6 8. O-O Be7 9. Ne5 O-O 10. f3 Nxe5 11. Bxe5 Nd7 12. Bg3 c5 13. Ne2 Qb6 14. Rab1 Rac8 15. c3 Bf6 16. Bf2 Rfd8 17. e4 cxd4 18. cxd4 Qa5 19. e5 Be7 20. Nc3 Nb6 21. f4 Qa6 22. Qxa6 bxa6 23. Rfc1 Nc4 24. Rc2 Rb8 25. Na4 Na3 26. Rc7 Nxb1 27. Rxe7 Rdc8 28. g3 Nd2 29. b3 Rc1+ 30. Kg2 Rc2 31. Rxa7 Ne4 32. Nc5 Rxf2+ 33. Kg1 Rxa2 34. Rxa6 0-1

[Event "January 9 Late 2024"]
[Site "https://www.chess.com"]
[Date "2024.01.10"]
[Round "11"]
[White "Bogaudinov, Rushan"]
[Black "Avramidou, Anastasia"]
[Result "1-0"]
[Board "89"]
[TimeControl "180+1"]
[WhiteFideId "4129288"]
[BlackFideId "4239873"]
[WhiteElo "2408"]
[BlackElo "2514"]
[WhiteTeam "RUS"]
[BlackTeam "GRE"]
[WhiteClock "0:00:07"]
[BlackClock "0:00:02"]

1. a3 e5 2. b4 g6 3. Bb2 Bg7 4. h4 h5 5. Nf3 d6 6. e3 Ne7 7. d4 e4 8. Ng5 d5 9. c4 c6 10. Nc3 f6 11. Ngxe4 dxe4 12. Nxe4 Bf5 13. Ng3 Bg4 14. Qb3 O-O 15. Bd3 Qd7 16. a4 Na6 17. b5 Nc7 18. Ba3 Rfe8 19. Bxe7 Rxe7 20. O-O g5 21. hxg5 fxg5 22. Ne4 cxb5 23. axb5 Ne6 24. c5 Bf5 25. f3 Bxe4 26. fxe4 Kh8 27. e5 Nxd4 28. exd4 Qxd4+ 29. Kh1 Qh4+ 30. Kg1 Bxe5 31. Ra4 Bh2+ 32. Kh1 Bf4+ 33. Kg1 Qh2+ 34. Kf2 Rf8 35. Be4 Bc7+ 36. Ke1 Rxf1+ 37. Kxf1 Qf4+ 38. Qf3 Qxf3+ 39. gxf3 g4 40. Rxa7 Bf4 41. Rxb7 Rxb7 42. Bxb7 gxf3 43. Bxf3 Kg7 44. b6 Kf6 45. Bxh5 Ke7 46. c6 Kd8 47. Bg4 Bd6 48. Ke2 Ke7 49. Kd3 Kd8 50. Kc4 Bg3 51. Kb5 Be5 52. Ka6 Ke7 53. Kb7 1-0

[Event "January 9 Late 2024"]
[Site "https://www.chess.com"]
[Date "2024.01.09"]
[Round "11"]
[White "Martin Barcelo, Carles"]
[Black "Argandona Riveiro, Inigo"]
[Result "1-0"]
[Board "90"]
[TimeControl "180+1"]
[WhiteFideId "24561444"]
[BlackFideId "2212072"]
[WhiteElo "2507"]
[BlackElo "2404"]
[WhiteTeam "ESP"]
[BlackTeam "ESP"]
[WhiteClock "0:00:54"]
[BlackClock "0:00:27"]

1. e4 d6 2. d4 Nf6 3. Nc3 e5 4. Nf3 exd4 5. Qxd4 Be7 6. Bg5 O-O 7. O-O-O h6 8. Bf4 Nc6 9. Qd2 Be6 10. Kb1 a6 11. Nd5 Bxd5 12. exd5 Nb8 13. Rg1 Nbd7 14. g4 b5 15. g5 hxg5 16. Bxg5 Nb6 17. Nd4 Ne4 18. Qf4 Nxg5 19. Nc6 Qd7 20. Nxe7+ Qxe7 21. Rxg5 Rae8 22. Bd3 g6 23. Bxg6 f6 24. Rg3 1-0

[Event "January 9 Late 2024"]
[Site "https://www.chess.com"]
[Date "2024.01.09"]
[Round "11"]
[White "Salman, Ilhan Serhat"]
[Black "Ambrogi, Agustin"]
[Result "1/2-1/2"]
[Board "91"]
[TimeControl "180+1"]
[WhiteFideId "6361579"]
[BlackFideId "170933"]
[WhiteElo "2493"]
[BlackElo "2404"]
[WhiteTeam "TUR"]
[BlackTeam "ARG"]
[WhiteClock "0:00:10"]
[BlackClock "0:00:04"]

1. c4 e6 2. g3 d5 3. b3 d4 4. Bb2 c5 5. Bg2 Nc6 6. Nf3 e5 7. O-O e4 8. Ne1 f5 9. d3 Nf6 10. e3 Be7 11. dxe4 fxe4 12. exd4 cxd4 13. Nc2 Bg4 14. Qc1 O-O 15. Nd2 e3 16. Ne4 e2 17. Re1 Nxe4 18. Bxe4 d3 19. Ne3 d2 20. Bd5+ Kh8 21. Qxd2 Bb4 22. Bc3 Bxc3 23. Qxc3 Qe8 24. Nxg4 Qh5 25. Bxc6 bxc6 26. Ne3 Qf3 27. Rxe2 Qxe2 28. Rf1 Rae8 29. Qd4 Qxa2 30. b4 a6 31. Qc5 Qe2 32. Ng2 Rf6 33. Re1 Qxe1+ 34. Nxe1 Rxe1+ 35. Kg2 Re2 36. g4 h6 37. Kg3 Rb2 38. h3 Rb3+ 39. Kg2 Rbf3 40. Qd4 R3f4 41. Qd8+ Kh7 42. Qd3+ Kg8 43. Qc2 Kf7 44. Kg1 Ke6 45. Qe2+ Kd7 46. c5 Rxf2 47. Qxa6 R2f4 48. Qb7+ Ke8 49. Qxg7 Rf1+ 50. Kg2 R1f2+ 51. Kg3 R2f3+ 52. Kh4 R3f4 53. Qc7 Rf3 54. b5 cxb5 55. Qb8+ Kd7 56. Qxb5+ Kc7 57. Qa5+ Kb7 58. Qd8 R3f4 59. Qd7+ Ka6 60. c6 Rc4 61. c7 Rfc6 62. Qc8+ Ka5 63. Qa8+ Kb4 64. Qb7+ Kc3 65. Qa7 Rxc7 66. Qe3+ Kb4 67. Qxh6 R4c6 68. Qd2+ Kc5 69. g5 Rd6 70. Qe3+ Kc6 71. Kg4 Rcd7 72. h4 Rd4+ 73. Kh5 Rh7+ 74. Kg6 Rhxh4 75. Qc3+ Kd5 76. Kg7 Rc4 77. Qf3+ Ke5 78. g6 Rhg4 79. Kh7 Rc7+ 80. Kh6 Rcc4 81. Qe3+ Rce4 82. Qc5+ Ke6 83. Qc6+ Kf5 84. Qd7+ Kf6 85. Qf7+ Ke5 86. g7 Rh4+ 87. Qh5+ Rxh5+ 88. Kxh5 Re1 89. g8=Q Rh1+ 90. Kg6 Rg1+ 91. Kf7 Rxg8 92. Kxg8 1/2-1/2

[Event "January 9 Late 2024"]
[Site "https://www.chess.com"]
[Date "2024.01.09"]
[Round "11"]
[White "Spichkin, Alexander"]
[Black "Harriott, Tyrell"]
[Result "0-1"]
[Board "92"]
[TimeControl "180+1"]
[WhiteFideId "4144074"]
[BlackFideId "2086484"]
[WhiteElo "2473"]
[BlackElo "2375"]
[WhiteTeam "RUS"]
[BlackTeam "USA"]
[WhiteClock "0:00:00"]
[BlackClock "0:00:51"]

1. f4 e6 2. Nf3 d5 3. e3 f5 4. Be2 Bd6 5. O-O Nf6 6. b3 O-O 7. Bb2 Nbd7 8. Ne5 Qe7 9. Rf3 c5 10. Rg3 b6 11. d3 Bb7 12. Nd2 d4 13. Ndc4 Bxe5 14. fxe5 Nd5 15. exd4 b5 16. Nd6 Bc6 17. c4 Nf4 18. Bf3 Bxf3 19. Qxf3 Ng6 20. Re1 cxd4 21. Bxd4 Ndxe5 22. Rxe5 Qxd6 23. Qe3 Rfd8 24. Bc5 Qxe5 25. Qxe5 Nxe5 26. d4 Nd7 27. Be7 Re8 28. Bd6 bxc4 29. bxc4 e5 30. d5 e4 31. c5 e3 32. Kf1 e2+ 33. Ke1 Rac8 34. c6 Nf6 35. Bb4 Nxd5 0-1

[Event "January 9 Late 2024"]
[Site "https://www.chess.com"]
[Date "2024.01.09"]
[Round "11"]
[White "Nilsen, Tobias Lang"]
[Black "Sarkar, Justin"]
[Result "1-0"]
[Board "93"]
[TimeControl "180+1"]
[WhiteFideId "1521624"]
[BlackFideId "2010011"]
[WhiteElo "2469"]
[BlackElo "2331"]
[WhiteTeam "NOR"]
[BlackTeam "USA"]
[WhiteClock "0:00:18"]
[BlackClock "0:00:00"]

1. e4 e5 2. Nf3 Nc6 3. Bc4 Bc5 4. c3 Qf6 5. d3 h6 6. a4 a5 7. Be3 Bxe3 8. fxe3 Qe7 9. O-O Nf6 10. Nbd2 d6 11. Nh4 Be6 12. Bxe6 Qxe6 13. d4 Ne7 14. Nf5 Nxf5 15. exf5 Qe7 16. Qb3 O-O 17. Rae1 e4 18. c4 c6 19. d5 cxd5 20. cxd5 Rfc8 21. Nc4 Nxd5 22. f6 Qe6 23. fxg7 Nb4 24. Nd2 Qxb3 25. Nxb3 Kxg7 26. Nd4 d5 27. Rf5 Nc2 28. Ref1 Nxd4 29. Rxf7+ Kg8 30. exd4 Rf8 31. R7f5 Rxf5 32. Rxf5 Rc8 33. Kf2 Rc2+ 34. Kg3 1-0

[Event "January 9 Late 2024"]
[Site "https://www.chess.com"]
[Date "2024.01.09"]
[Round "11"]
[White "Silvestre, Christian"]
[Black "Czerw, Dawid"]
[Result "0-1"]
[Board "94"]
[TimeControl "180+1"]
[WhiteFideId "30956269"]
[BlackFideId "1145746"]
[WhiteElo "2319"]
[BlackElo "2466"]
[WhiteTeam "USA"]
[BlackTeam "POL"]
[WhiteClock "0:00:43"]
[BlackClock "0:02:25"]

1. e4 c5 2. Nc3 Nc6 3. f4 g6 4. Nf3 Bg7 5. Bc4 e6 6. d3 Nge7 7. f5 d5 8. Bb3 Nd4 9. fxe6 fxe6 10. O-O O-O 11. Nxd4 cxd4 12. Rxf8+ Qxf8 13. Ne2 dxe4 14. dxe4 Nc6 15. Nf4 Kh8 16. Nxe6 Bxe6 17. Bxe6 Qd6 18. Bd5 Be5 19. h3 Rf8 20. Bh6 Bh2+ 21. Kh1 Rf2 22. Qg4 Ne7 23. c3 Be5 24. cxd4 Bxd4 25. Rc1 Bc5 26. b4 Bb6 27. Bg5 Bc7 28. Rxc7 Qxc7 29. Qe6 Nxd5 30. exd5 Rf1# 0-1

[Event "January 9 Late 2024"]
[Site "https://www.chess.com"]
[Date "2024.01.10"]
[Round "11"]
[White "Kostiukov, Alexandr"]
[Black "Bold, Andre"]
[Result "0-1"]
[Board "95"]
[TimeControl "180+1"]
[WhiteFideId "14108100"]
[BlackFideId "16208471"]
[WhiteElo "2312"]
[BlackElo "2449"]
[WhiteTeam "UKR"]
[BlackTeam "GER"]
[WhiteClock "0:00:00"]
[BlackClock "0:00:15"]

1. g3 d5 2. Bg2 Nf6 3. d3 c6 4. e4 dxe4 5. dxe4 Qxd1+ 6. Kxd1 g6 7. f3 Bg7 8. c3 Nfd7 9. Be3 O-O 10. Nd2 Nb6 11. Kc2 Be6 12. Bh3 Nc4 13. Nxc4 Bxc4 14. Bf1 Be6 15. Bh3 Bc4 16. Bf1 Bxf1 17. Rxf1 Na6 18. Nh3 b6 19. Rd1 Rfd8 20. Nf2 h5 21. Rxd8+ Rxd8 22. Nd3 Kf8 23. a4 c5 24. Ra1 Nc7 25. a5 Ke8 26. axb6 axb6 27. Ra7 Kd7 28. Bf4 Rc8 29. Ne5+ Bxe5 30. Bxe5 f6 31. Bxc7 Rxc7 32. Ra8 Rc8 33. Ra7+ Kd6 34. f4 g5 35. Rb7 gxf4 36. gxf4 Rg8 37. Rxb6+ Kc7 38. Ra6 Rg2+ 39. Kb3 Rxh2 40. e5 fxe5 41. fxe5 h4 42. Rh6 h3 43. Kc4 Rxb2 44. Rxh3 Re2 45. Kd5 Kd7 46. c4 e6+ 47. Kxc5 Rxe5+ 48. Kb6 Re1 49. Rh7+ Kd8 50. c5 Rc1 51. Kc6 e5 52. Rd7+ Ke8 53. Rd6 Ke7 54. Rd7+ Ke6 55. Rd8 Kf5 0-1

[Event "January 9 Late 2024"]
[Site "https://www.chess.com"]
[Date "2024.01.09"]
[Round "11"]
[White "Koziol, Kamil"]
[Black "Cardozo Munar, Carlos Eduardo"]
[Result "0-1"]
[Board "96"]
[TimeControl "180+1"]
[WhiteFideId "1161555"]
[BlackFideId "4409477"]
[WhiteElo "2440"]
[BlackElo "2247"]
[WhiteTeam "POL"]
[BlackTeam "COL"]
[WhiteClock "0:00:11"]
[BlackClock "0:00:55"]

1. e4 e6 2. d4 d5 3. Nc3 Nf6 4. Bg5 Be7 5. e5 Nfd7 6. Bxe7 Qxe7 7. Qg4 O-O 8. f4 c5 9. Nf3 cxd4 10. Nxd4 Nc6 11. O-O-O Nxd4 12. Rxd4 a6 13. h4 b5 14. h5 Rd8 15. Rd3 f5 16. exf6 Nxf6 17. Qf3 Bb7 18. Rg1 Rac8 19. Qd1 b4 20. Ne2 Ne4 21. Rf3 Qf6 22. Nd4 Rc7 23. g4 Rdc8 24. g5 Qxd4 25. Bd3 a5 26. f5 Ba6 27. Rgf1 Bxd3 28. Rxd3 Rxc2+ 29. Kb1 0-1

[Event "January 9 Late 2024"]
[Site "https://www.chess.com"]
[Date "2024.01.09"]
[Round "11"]
[White "Bjelobrk, Igor"]
[Black "Korol, Dimitry"]
[Result "1-0"]
[Board "97"]
[TimeControl "180+1"]
[WhiteFideId "4300726"]
[BlackFideId "14108003"]
[WhiteElo "2577"]
[BlackElo "2337"]
[WhiteTeam "AUS"]
[BlackTeam "UKR"]
[WhiteClock "0:01:12"]
[BlackClock "0:00:00"]

1. d4 Nf6 2. c4 c5 3. d5 b5 4. cxb5 a6 5. bxa6 g6 6. Nc3 Bxa6 7. e4 Bxf1 8. Kxf1 d6 9. g3 Bg7 10. Nf3 O-O 11. Kg2 Nbd7 12. a4 Qb8 13. Ra3 Qb4 14. Qc2 Nb6 15. Rb3 Qa5 16. Rb5 Qa6 17. b3 Rfb8 18. Bd2 Ne8 19. Na2 Nc7 20. Ra5 Qb7 21. Rxa8 Nbxa8 22. Rb1 Qa7 23. b4 cxb4 24. Rxb4 Re8 25. Qc6 Kf8 26. Rb7 Qa6 27. Nb4 Qe2 28. Rxc7 Nxc7 29. Qxc7 h5 30. h4 Bf6 31. Be3 Qb2 32. Qc4 Ra8 33. Nc6 Qa1 34. a5 Kg7 35. Bb6 1-0

[Event "January 9 Late 2024"]
[Site "https://www.chess.com"]
[Date "2024.01.09"]
[Round "11"]
[White "Sultanbek, Zeinep"]
[Black "Soderstrom, Adrian"]
[Result "0-1"]
[Board "98"]
[TimeControl "180+1"]
[WhiteFideId "13710419"]
[BlackFideId "1745786"]
[WhiteElo "2308"]
[BlackElo "2482"]
[WhiteTeam "KAZ"]
[BlackTeam "SWE"]
[WhiteClock "0:00:00"]
[BlackClock "0:01:28"]

1. d4 d5 2. c4 e5 3. dxe5 Ne7 4. cxd5 Qxd5 5. Qxd5 Nxd5 6. a3 Nc6 7. e4 Nb6 8. f4 Nd4 9. Kd1 Bg4+ 10. Be2 Bxe2+ 11. Nxe2 Nb3 12. Ra2 a5 13. Nd2 O-O-O 14. Kc2 Nxd2 15. Bxd2 Nc4 16. Rd1 a4 17. Ng1 Bc5 18. Nf3 Be3 19. Kc3 Nxd2 20. Nxd2 Bxf4 21. g3 Bxe5+ 22. Kc2 Rd4 23. Re1 Rhd8 24. Nf3 Rc4+ 25. Kb1 Bf6 26. e5 Be7 27. Ra1 Rd3 28. Ng1 Rd2 29. Nf3 Rf2 30. Re3 Rcc2 31. Ra2 Rce2 32. Rxe2 Rxe2 33. b4 Re3 34. Rf2 Rxa3 35. Nd4 Rd3 0-1

[Event "January 9 Late 2024"]
[Site "https://www.chess.com"]
[Date "2024.01.10"]
[Round "11"]
[White "Uz, Kagan"]
[Black "Kargosha, Bahman"]
[Result "0-1"]
[Board "99"]
[TimeControl "180+1"]
[WhiteFideId "30986680"]
[BlackFideId "12503452"]
[WhiteElo "2446"]
[BlackElo "2302"]
[WhiteTeam "USA"]
[BlackTeam "AUS"]
[WhiteClock "0:00:16"]
[BlackClock "0:00:20"]

1. e4 e5 2. a3 Nf6 3. f4 d5 4. fxe5 Nxe4 5. Nf3 Bc5 6. d4 Bb6 7. Nc3 O-O 8. Bd3 Nc6 9. Be3 Bg4 10. h3 Bxf3 11. Qxf3 Nxd4 12. Bxd4 Bxd4 13. Nxe4 dxe4 14. Qxe4 g6 15. O-O-O Re8 16. Bc4 c5 17. Rhf1 Qg5+ 18. Kb1 Qxe5 19. Qxb7 Rab8 20. Qxf7+ Kh8 21. Bb3 Bxb2 22. Rd7 Qg7 23. Qxg7+ Bxg7 24. Rff7 Re1+ 25. Ka2 Ra1# 0-1

[Event "January 9 Late 2024"]
[Site "https://www.chess.com"]
[Date "2024.01.10"]
[Round "11"]
[White "Jazdanovs, Aleksandrs"]
[Black "Toktomushev, Teimur"]
[Result "0-1"]
[Board "100"]
[TimeControl "180+1"]
[WhiteFideId "11604492"]
[BlackFideId "14176726"]
[WhiteElo "2335"]
[BlackElo "2433"]
[WhiteTeam "LAT"]
[BlackTeam "UKR"]
[WhiteClock "0:01:14"]
[BlackClock "0:00:08"]

1. e4 c5 2. Nf3 e6 3. d4 cxd4 4. Nxd4 a6 5. Nc3 b5 6. g3 Bb7 7. Bg2 Nf6 8. O-O b4 9. Nd5 exd5 10. exd5 Bc5 11. Re1+ Kf8 12. Nf5 h6 13. d6 Bxg2 14. Kxg2 Nc6 15. Bf4 g6 16. Ne7 Kg7 17. Nd5 Bd4 18. Nc7 Ra7 19. c3 bxc3 20. Qd3 cxb2 21. Rab1 Bb6 22. Nd5 Nxd5 23. Qxd5 Qf6 24. Qb3 Bd4 25. Qd3 Raa8 26. Re4 Rhe8 27. Bd2 Rxe4 28. Qxe4 Qxd6 29. Rd1 Qe6 30. Qd3 Qd5+ 31. f3 Rb8 32. Bf4 b1=Q 33. Rxb1 Qxa2+ 34. Kh3 Qxb1 35. Qxa6 Qf5+ 36. Kg2 Rb2+ 0-1

[Event "January 9 Late 2024"]
[Site "https://www.chess.com"]
[Date "2024.01.09"]
[Round "11"]
[White "Storn, Justin"]
[Black "Kujawski, Adam"]
[Result "0-1"]
[Board "101"]
[TimeControl "180+1"]
[WhiteFideId "30922720"]
[BlackFideId "1100920"]
[WhiteElo "2422"]
[BlackElo "2294"]
[WhiteTeam "USA"]
[BlackTeam "POL"]
[WhiteClock "0:01:40"]
[BlackClock "0:00:24"]

1. g3 d5 2. Bg2 e5 3. c4 d4 4. Nf3 Nc6 5. d3 Bb4+ 6. Nbd2 Nf6 7. O-O a5 8. a3 Be7 9. b3 h6 10. Ne1 h5 11. Rb1 h4 12. Nc2 hxg3 13. fxg3 Bh3 14. Bxh3 Rxh3 15. Nf3 Qd7 16. b4 e4 17. dxe4 Nxe4 18. b5 Nxg3 19. bxc6 Qg4 20. Ne5 Nxe2+ 21. Kf2 Rxh2+ 22. Ke1 Qg3+ 23. Kd2 Qc3# 0-1

[Event "January 9 Late 2024"]
[Site "https://www.chess.com"]
[Date "2024.01.09"]
[Round "11"]
[White "Avalos Parra, Joao"]
[Black "Eggleston, Thomas A"]
[Result "0-1"]
[Board "102"]
[TimeControl "180+1"]
[WhiteFideId "3402541"]
[BlackFideId "412139"]
[WhiteElo "2409"]
[BlackElo "2277"]
[WhiteTeam "CHI"]
[BlackTeam "ENG"]
[WhiteClock "0:00:48"]
[BlackClock "0:00:07"]

1. d4 e6 2. c4 f5 3. Bf4 Nf6 4. e3 Bb4+ 5. Nd2 Ne4 6. Nf3 O-O 7. a3 Be7 8. Bd3 d5 9. h3 c5 10. O-O Nc6 11. dxc5 Nxc5 12. Bc2 Bf6 13. Rb1 e5 14. Bh2 d4 15. exd4 exd4 16. b4 d3 17. bxc5 dxc2 18. Qxc2 Re8 19. Bd6 b6 20. Rfe1 Be6 21. Nb3 Rc8 22. Rbd1 Qd7 23. cxb6 axb6 24. Re2 Qf7 25. Rde1 Bd7 26. Qd3 Rxe2 27. Rxe2 Be6 28. Nfd2 Rd8 29. Qg3 Bxc4 30. Nxc4 Qxc4 31. Bc7 Rd1+ 32. Kh2 Qxe2 33. h4 Rd7 34. Bxb6 Qd3 35. Nc5 Qxg3+ 36. fxg3 Rd1 37. a4 Ra1 38. h5 Bd4 39. Nd7 Bxb6 40. Nxb6 Kf7 41. g4 fxg4 42. Kg3 Ra3+ 43. Kxg4 Ne5+ 44. Kf5 Nd3 45. Nc4 Rxa4 46. Nd6+ Kf8 47. g4 Ra5+ 48. Ke4 Nf2+ 49. Kf3 Nd3 50. Ke4 Nb4 51. Nf5 Rxf5 52. Kxf5 Kf7 53. Ke5 g6 54. h6 Nd3+ 55. Ke4 Nf2+ 56. Kf3 Nxg4 57. Kxg4 Kf6 58. Kf4 g5+ 59. Kg4 Kg6 60. Kg3 Kxh6 61. Kh3 Kg6 62. Kg3 h5 63. Kh3 Kf5 64. Kg3 g4 65. Kg2 Kf4 66. Kf2 h4 67. Kg2 h3+ 68. Kh2 Kf3 69. Kg1 Kg3 70. Kh1 Kf2 71. Kh2 g3+ 72. Kxh3 g2 0-1

[Event "January 9 Late 2024"]
[Site "https://www.chess.com"]
[Date "2024.01.09"]
[Round "11"]
[White "Kappeler, Kaspar"]
[Black "Rubio Tent, Francisco"]
[Result "0-1"]
[Board "103"]
[TimeControl "180+1"]
[WhiteFideId "1309072"]
[BlackFideId "2238233"]
[WhiteElo "2264"]
[BlackElo "2400"]
[WhiteTeam "SUI"]
[BlackTeam "ESP"]
[WhiteClock "0:00:13"]
[BlackClock "0:00:53"]

1. c4 Nf6 2. Nf3 g6 3. Nc3 Bg7 4. e4 d6 5. d4 O-O 6. Be2 e5 7. O-O Nc6 8. d5 Ne7 9. Re1 Nd7 10. b4 a5 11. Ba3 h6 12. bxa5 Rxa5 13. Bb4 Ra8 14. a4 f5 15. Nd2 f4 16. Bg4 h5 17. Be6+ Kh7 18. a5 Nc5 19. Bxc8 Nxc8 20. Bxc5 dxc5 21. Qb3 Nd6 22. Nb5 Rf7 23. Nxd6 cxd6 24. Reb1 Rxa5 25. Rxa5 Qxa5 26. Nf3 Bf6 27. Qb6 Qa2 28. h4 Qxc4 29. Qxd6 Qxe4 30. Rb6 c4 31. Qe6 Kg7 32. Ng5 Bxg5 33. hxg5 c3 34. d6 c2 35. Qc8 Qe1+ 36. Kh2 c1=Q 37. d7 Qh1# 0-1

[Event "January 9 Late 2024"]
[Site "https://www.chess.com"]
[Date "2024.01.09"]
[Round "11"]
[White "Paragua, Megan Althea"]
[Black "Ferriz Barrios, Andres"]
[Result "1-0"]
[Board "104"]
[TimeControl "180+1"]
[WhiteFideId "30973007"]
[BlackFideId "5104467"]
[WhiteElo "2395"]
[BlackElo "2265"]
[WhiteTeam "USA"]
[BlackTeam "MEX"]
[WhiteClock "0:00:31"]
[BlackClock "0:01:32"]

1. e4 e6 2. d4 d5 3. Nd2 dxe4 4. Nxe4 Nd7 5. Nf3 Ngf6 6. Bd3 b6 7. Qe2 Bb7 8. Bg5 Be7 9. Nxf6+ Nxf6 10. O-O-O O-O 11. Ne5 Nd7 12. Bxe7 Qxe7 13. Nxd7 Qxd7 14. f4 g6 15. h4 Qxd4 16. h5 Qxf4+ 17. Kb1 Rad8 18. hxg6 hxg6 19. Rdf1 Qg5 20. Qe1 Rd4 21. Qc3 c5 22. Rh2 Rfd8 23. Rfh1 Kg7 24. Rh7+ Kf6 25. Rf1+ Ke5 26. Rhxf7 Bxg2 27. Re1+ Kd6 28. a3 Rd7 29. Rf8 Bd5 30. Bb5 Rd8 31. Rxd8+ Qxd8 32. Qg3+ Ke7 33. Qg5+ 1-0

[Event "January 9 Late 2024"]
[Site "https://www.chess.com"]
[Date "2024.01.09"]
[Round "11"]
[White "Poddubnyi, Viktor"]
[Black "Tqebuchava, Zurab"]
[Result "0-1"]
[Board "105"]
[TimeControl "180+1"]
[WhiteFideId "4141989"]
[BlackFideId "13601113"]
[WhiteElo "2387"]
[BlackElo "2198"]
[WhiteTeam "RUS"]
[BlackTeam "GEO"]
[WhiteClock "0:00:00"]
[BlackClock "0:00:24"]

1. e4 e5 2. f4 d6 3. Nf3 Bg4 4. d4 Bxf3 5. Qxf3 exd4 6. c3 Nc6 7. cxd4 Be7 8. d5 Nd4 9. Qf2 c5 10. Nc3 Nf6 11. Bd3 Ng4 12. Qf1 O-O 13. g3 Re8 14. h3 Nf6 15. Qg2 Bf8 16. O-O b5 17. a3 b4 18. axb4 cxb4 19. Na4 Nb3 20. Ra2 Rc8 21. Be3 Nxd5 22. Bxa7 Nf6 23. Bf2 Nc5 24. Bxc5 dxc5 25. b3 Qxd3 0-1

[Event "January 9 Late 2024"]
[Site "https://www.chess.com"]
[Date "2024.01.09"]
[Round "11"]
[White "Glashausser, Sho"]
[Black "Hoffmann, Asa"]
[Result "1/2-1/2"]
[Board "106"]
[TimeControl "180+1"]
[WhiteFideId "30908329"]
[BlackFideId "2001470"]
[WhiteElo "2198"]
[BlackElo "2372"]
[WhiteTeam "USA"]
[BlackTeam "USA"]
[WhiteClock "0:00:06"]
[BlackClock "0:01:14"]

1. Nf3 d6 2. d4 Bg4 3. Nbd2 Nf6 4. h3 Bh5 5. e4 Nbd7 6. c3 e5 7. Qb3 b6 8. Bb5 a6 9. Bc6 Rb8 10. dxe5 dxe5 11. Nxe5 Bd6 12. Bxd7+ Nxd7 13. Nc6 Qc8 14. Nxb8 Qxb8 15. Nc4 Nc5 16. Nxd6+ cxd6 17. Qd5 Bg6 18. O-O O-O 19. f3 Kh8 20. Bf4 Rd8 21. Rad1 Ne6 22. Bxd6 Qc8 23. e5 h5 24. Qb3 b5 25. Qb4 Qc6 26. Qh4 Kg8 27. Kh2 Rc8 28. f4 Be4 29. Rf2 g6 30. g4 Qb6 31. Re2 Bf3 32. Rdd2 Bxe2 33. Rxe2 hxg4 34. hxg4 Nxf4 35. Qf2 Qxf2+ 36. Rxf2 Nd3 37. Rd2 Nc5 38. Bxc5 Rxc5 39. Rd6 Rxe5 40. Rxa6 Re2+ 41. Kg3 Rxb2 42. a4 bxa4 43. Rxa4 Rc2 44. Rc4 Kg7 45. Rc6 f6 46. Rc7+ Kh6 47. Rc6 Kg5 48. Rc5+ f5 49. gxf5 gxf5 50. Kf3 Rd2 51. Rc4 Rd3+ 52. Kf2 f4 53. Rc8 Kg4 54. Rg8+ Kf5 55. Rf8+ Ke5 56. Re8+ Kd5 57. Rd8+ Kc4 58. Rxd3 Kxd3 59. Kf3 Kxc3 60. Kxf4 1/2-1/2